cohdb
Replays
Latest Replays
All Replays
Popular Replays
Top Player Replays
Match Explorer
How It Works
Community
CoH3 Stats
Reddit
Sign in to upload your games and track your stats! →
Sign in with Steam
Match 43054603
Unlisted
Match 43054603
Overview
Messages
Build Orders
End
Kradschützen Motorcycle Team
Selects Armored Support Battlegroup
Panzergrenadier Squad
Panzergrenadier Squad
250 Light Carrier
Selects Veteran Gunners
Construct Light Support Kompanie
Fire Support Elements
Assault Grenadier Squad
Flakvierling Half-track
Pak 38 Anti-tank Gun Team
Panzerjäger Mechanized Group
Selects Flammpanzer III Medium Tank
Flammpanzer III Medium Tank
Pak 38 Anti-tank Gun Team
Assault Grenadier Squad
Selects Command Panzer IV F Medium Tank
Command Panzer IV F Medium Tank
Flammpanzer III Medium Tank
Panzerpioneer Squad
MG34 Team
Panzerjäger Squad
Selects Salvage Kits
Selects Panzer Storm
Construct Panzerarmee Kommand
Panzerpioneer Squad
Selects Stuka Anti-tank Loiter
Stuka Anti-tank Loiter
Armored Reserves
Rapid Advance
Stuka Anti-tank Loiter
Tiger Heavy Tank
Stuka Anti-tank Loiter
Tungsten Core Ammunition
Stuka Anti-tank Loiter
purepinoy
Atheng
RunningWithFate
Onoyk
0
0
Comments
sign in to comment!
No comments posted yet!